 Dungeon Crawl Stone Soup version 0.27-a0-1513-g2aaa0cc67b (webtiles) character file.

Game seed: 6173134786719156486

21 blackman the Skirmisher (level 3, 29/29 HPs)
             Began as a Human Monk on July 9, 2021.
             Was a Priest of Lugonu.
             Quit the game on level 1 of the Dungeon.
             The game lasted 00:02:35 (683 turns).

blackman the Skirmisher (Human Monk)                 Turns: 683, Time: 00:02:36

Health: 29/29      AC:  9    Str: 12    XL:     3   Next: 2%
Magic:  3/3        EV: 11    Int: 10    God:    Lugonu [***...]
Gold:   86         SH:  0    Dex: 15    Spells: 2/2 levels left

rFire    . . .     SeeInvis .   a - +0 hand axe
rCold    . . .     Faith    .   (no shield)
rNeg     . . .     Spirit   .   i - +4 ring mail
rPois    .         Reflect  .   (no helmet)
rElec    .         Harm     .   (no cloak)
rCorr    .         Rampage  .   (no gloves)
Will     .....                  (no boots)
Stlth    +.........             (no amulet)
HPRegen  0.09/turn              (no ring)
MPRegen  0.08/turn              (no ring)

@: no status effects
A: no striking features
a: Renounce Religion, Depart the Abyss, Bend Space, Banish


You were on level 1 of the Dungeon.
You worshipped Lugonu.
Lugonu was most pleased with you.
You visited 1 branch of the dungeon, and saw 1 of its levels.

You collected 86 gold pieces.

Inventory:

Hand Weapons
 a - a +0 hand axe (weapon)
 c - a +0 hand crossbow
Missiles
 j - 29 poisoned darts (quivered)
Armour
 b - a +0 robe
 d - a +0 leather armour
 i - a +4 ring mail (worn)
 k - a +0 chain mail
Scrolls
 e - a scroll of fog {unknown}
 g - 3 scrolls of brand weapon {unknown}
Potions
 f - a potion of curing {unknown}
 h - a potion of degeneration {unknown}
 l - 2 potions of magic {unknown}


   Skills:
 + Level 3.3 Fighting
 + Level 3.3 Axes
 + Level 1.1 Armour
 - Level 3.0 Dodging
 - Level 2.0 Stealth


You had 2 spell levels left.
You didn't know any spells.
Your spell library contained the following spells:

 Spells                   Type           Power      Damage    Failure   Level
 Foxfire                  Conj/Fire      0%         2x1d4     65%         1
 Static Discharge         Conj/Air       0%         N/A       78%         2
 Conjure Flame            Conj/Fire      0%         6-21      95%         3
 Inner Flame              Hex/Fire       0%         N/A       95%         3
 Dispel Undead            Necr           0%         3d6       100%        4
 Sticky Flame             Conj/Fire      0%         2d3       100%        4


Dungeon Overview and Level Annotations

Branches:
Dungeon (1/15)

Altars:
Lugonu


Message History

You hit the bat but do no damage. The bat hits you but does no damage.
The bat hits you but does no damage.
You closely miss the bat. The bat hits you but does no damage.
The bat closely misses you. The bat hits you but does no damage.
You hit the bat.
You kill the bat!
Lugonu accepts your kill.
You have reached level 3!
Your experience leads to an increase in your attributes!
Increase (S)trength, (I)ntelligence, or (D)exterity?
You feel stronger.
You see here a bat corpse.
You now have 86 gold pieces (gained 14).
A frilled lizard comes into view.
A frilled lizard is nearby!
The frilled lizard hisses angrily.
The frilled lizard hisses.
You closely miss the frilled lizard. The frilled lizard barely misses you.
You hit the frilled lizard.
You kill the frilled lizard!
Lugonu accepts your kill.
No target in view!
No target in view!
No target in view!
No target in view!
No target in view!
No target in view!
No target in view!
No target in view!
No target in view!
No target in view!
No target in view!
No target in view!
No target in view!
No target in view!
No target in view!
You see here a frilled lizard corpse.
You see here a quokka corpse.
Done exploring.
Are you sure you want to abandon this character and quit the game? (Confirm with "yes".)

#.#
#..........##.......#
#.#
###..#####.########.#
#.# #..# #.# #.#
#.#### #..# #.# #.#
#....####..# #.#
######.# †....†.....#
#.# #......#
####.#####.# #.#
#.######
.).........#####.#
#.#
####............@#
#.# ###############
#.# ###### #.# .....#
#.# ####.# #.# #.#
#.# #.# #.# #.# #.#
#.# #.#


There were no monsters in sight!

Vanquished Creatures
  A dart slug (D:1)
  A bat (D:1)
  An endoplasm (D:1)
  2 goblins (D:1)
  A hobgoblin (D:1)
  4 jackals (D:1)
  2 quokkas (D:1)
  2 frilled lizards (D:1)
  A kobold (D:1)
  A rat (D:1)
16 creatures vanquished.

Notes
Turn   | Place    | Note
-------+----------+-------------------------------------------
     0 | D:1      | blackman the Human Monk began the quest for the Orb.
     0 | D:1      | Reached XP level 1. HP: 18/18 MP: 1/1
    31 | D:1      | Found a faded altar of an unknown god.
    53 | D:1      | Became a worshipper of Lugonu the Unformed
    53 | D:1      | Reached * piety under Lugonu
    53 | D:1      | Reached ** piety under Lugonu
    53 | D:1      | Reached *** piety under Lugonu
   396 | D:1      | Reached XP level 2. HP: 24/24 MP: 2/2
   425 | D:1      | Reached skill level 1 in Armour
   593 | D:1      | Reached XP level 3. HP: 29/29 MP: 3/3
   683 | D:1      | Quit the game

Illustrated notes

Levels and vault maps discovered:
D:1:      lightli_arrival_chessboard, layout_loops_ring,
          chequers_ecumenical_altar_island

Skill      XL: |  1  2 |
---------------+-------+-----
Armour         | 1 |  1.1
Fighting       | |  3.3
Axes           | |  3.3
Dodging        | |  3.0
Stealth        | |  2.0

Action                   || total
-------------------------++-------
Melee: Hand axe          ||    60
Invok: Bend Space        ||     1
Armor: Ring mail         ||    27
       Leather armour    ||     5
Dodge: Dodged            ||    31

Table legend: (Time is in decaauts)
 A = Elapsed time spent in this place.
 B = Non-inter-level travel time spent in this place.
 C = Inter-level travel time spent in this place.
 D = Time resting spent in this place.
 E = Time spent auto-exploring this place.
 F = Levels seen in this place.
 G = Mean time per level.
                   A        B        C        D        E       F      G
               +--------+--------+--------+--------+--------+-----+--------+
         Total |    694 |    645 |     49 |      0 |    479 |   1 |  694.0 |
       Dungeon |    694 |    645 |     49 |      0 |    479 |   1 |  694.0 |
               +--------+--------+--------+--------+--------+-----+--------+

Top non-repeatable levels by time:
     D:1: 694 daAuts
